 Dungeon Crawl Stone Soup version 0.30.1-3-gfc49f6343a (webtiles) character file.

Game seed: 14332336892213038448

42345 safid the Transmogrifier (level 14, -4/115 HPs)
             Began as a Merfolk Ice Elementalist on Aug 4, 2023.
             Was a High Priest of Vehumet.
             Killed by divine providence
             ... invoked by Saint Roka
              (10 damage)
             ... on level 2 of the Orcish Mines.
             The game lasted 00:39:09 (20139 turns).

safid the Transmogrifier (MfIE)                    Turns: 20139, Time: 00:39:10

Health: -4/115     AC: 11    Str:  9    XL:     14   Next: 19%
Magic:  3/25       EV: 17    Int: 18    God:    Vehumet [*****.]
Gold:   1207       SH:  0    Dex: 15    Spells: 13/34 levels left

rFire   + . .        x - +8 trident of the Octopus King {venom, rElec rPois}
rCold   + . .        (no shield)
rNeg    . . .        F - +2 robe {rC+}
rPois   +            q - +1 helmet
rElec   +            M - +1 cloak {Will+}
rCorr   .            I - +1 pair of gloves
SInv    +            s - +0 pair of boots
Will    ++...        N - amulet of the acrobat
Stlth   +            g - ring of protection from fire
HPRegen 0.39/turn    Q - ring of see invisible
MPRegen 0.19/turn

%: acrobat
@: freezing walls, contaminated, glowing, unable to drink
A: (nimble swimmer 2), mertail, low MP 1, inability to drink after injury 1
a: Renounce Religion


You were on level 2 of the Orcish Mines.
You worshipped Vehumet.
Vehumet was extremely pleased with you.
You visited 4 branches of the dungeon, and saw 18 of its levels.
You also visited: Ossuary.

You collected 1222 gold pieces.
You spent 15 gold pieces at shops.

Inventory:

Hand Weapons
 x - the +8 trident of the Octopus King (weapon) {venom, rElec rPois}
   (You found it on level 5 of the Lair of Beasts)

   rElec:     It insulates you from electricity.
   rPois:     It protects you from poison.
 G - the +5 woodcutter's axe
   (You found it on level 9 of the Dungeon)
Missiles
 K - 2 throwing nets
Armour
 q - a +1 helmet (worn)
 s - a +0 pair of boots (worn)
 F - a +2 robe of cold resistance (worn)
 I - a +1 pair of gloves (worn)
 M - a +1 cloak of willpower (worn)
Jewellery
 g - a ring of protection from fire (left hand)
 i - a ring of ice
 w - a ring of wizardry
 N - an amulet of the acrobat (around neck)
 P - an amulet of guardian spirit
 Q - a ring of see invisible (right hand)
 W - a +6 ring of strength
Wands
 t - a wand of polymorph (17)
 D - a wand of paralysis (19)
 E - a wand of flame (11)
 O - a wand of acid (4)
 T - a wand of iceblast (6)
 U - a wand of digging (2)
Scrolls
 c - 7 scrolls of teleportation
 d - 2 scrolls of magic mapping
 e - 2 scrolls of silence
 k - 5 scrolls of fog
 m - a scroll of immolation {unknown}
 n - 3 scrolls of enchant weapon
 u - 2 scrolls of fear
 v - 4 scrolls of blinking
 y - 2 scrolls of enchant armour
 J - a scroll of amnesia {unknown}
 R - a scroll of noise {unknown}
 V - a scroll of acquirement {unknown}
Potions
 a - 2 potions of ambrosia {unknown}
 b - 3 potions of magic
 f - 3 potions of lignification
 h - 3 potions of haste {unknown}
 j - 3 potions of cancellation {unknown}
 l - a potion of resistance {unknown}
 o - 7 potions of mutation
 p - 12 potions of curing
 r - 2 potions of attraction {unknown}
 z - 5 potions of brilliance
 A - 5 potions of heal wounds
 B - 3 potions of might
 C - 4 potions of flight
 H - 2 potions of invisibility {unknown}
 L - 5 potions of berserk rage {unknown}


   Skills:
 - Level 12.0 Fighting
 + Level 9.9 Dodging
 - Level 2.1 Stealth
 + Level 10.8 Spellcasting
 - Level 4.0 Conjurations
 - Level 4.0 Translocations
 + Level 13.6 Transmutations
 + Level 13.5 Ice Magic


You had 13 spell levels left.
You knew the following spells:

 Your Spells              Type           Power      Damage    Failure   Level
a - Freeze                Ice            100%       1d10      1%          1
b - Frozen Ramparts       Ice            100%       1d16      1%          3
c - Ozocubu's Armour      Ice            55%        N/A       1%          3
d - Irradiate             Conj/Tmut      20%        3d18      1%          5
e - Dragon Form           Tmut           28%        N/A       22%         7
f - Blink                 Tloc           48%        N/A       2%          2

Your spell library contained the following spells:

 Spells                   Type           Power      Damage    Failure   Level
 Eringya's Noxious Bog    Tmut/Pois      17%        N/A       17%         6
 Momentum Strike          Conj/Tloc      48%        3d9       1%          2
 Blade Hands              Tmut           28%        N/A       1%          5
 Lesser Beckoning         Tloc           48%        N/A       2%          2
 Dazzling Flash           Conj/Hex       32%        N/A       2%          3
 Volatile Blastmotes      Fire/Tloc      32%        2d12      2%          3
 Iskenderun's Mystic Bla  Conj/Tloc      24%        2d7       4%          4
 Petrify                  Tmut/Erth      34%        N/A       4%          4
 Summon Ice Beast         Ice/Summ       34%        N/A       4%          4
 Slow                     Hex            36%        N/A       8%          1
 Fulminant Prism          Conj/Hex       8%         3d7       9%          4
 Portal Projectile        Hex/Tloc       32%        N/A       10%         3
 Metabolic Englaciation   Hex/Ice        17%        N/A       13%         5
 Call Canine Familiar     Summ           9%         N/A       22%         3
 Confusing Touch          Hex            9%         N/A       22%         3
 Vampiric Draining        Necr           9%         2d6       22%         3
 Lee's Rapid Deconstruct  Erth           4%         3d5*      45%         5
 Statue Form              Tmut/Erth      22%        N/A       56%         6
 Leda's Liquefaction      Hex/Erth       4%         N/A       58%         4
 Agony                    Necr           9%         N/A       90%         5
 Silence                  Hex/Air        4%         N/A       90%         5


Dungeon Overview and Level Annotations

Branches:
Dungeon (10/15)            Temple (1/1) D:5            Lair (5/5) D:10
  Swamp (0/4) Lair:3        Snake (0/4) Lair:3        Slime (0/5) Lair:5
    Orc (2/2) D:9             Elf (0/3) Orc:2       Ossuary (visited)

Altars:
Ashenzari
Cheibriados
Dithmenos
Elyvilon
Fedhas
Kikubaaqudgha
Makhleb
Nemelex Xobeh
Okawaru
Qazlal
Ru
Uskayaw
Vehumet
Xom
Yredelemnul
The Shining One
Jiyva

Shops:
D:4 [   Orc:1 !

Annotations:
D:4 3 runed translucent doors, boopmooplesden's ghost, amateur KoBe; leafyfresh's ghost, weakling GnDe
Lair:2 Harold
Lair:3 3 runed translucent doors, Babbit's ghost, journeyman MiFi
Orc:2 Saint Roka


Innate Abilities, Weirdness & Mutations

((You are very nimble when in or above water. (Stealth+, EV+, Speed+++)))
Your lower body shifts to a powerful aquatic tail in water.
Your magical capacity is low. (-10% MP)
You occasionally lose the ability to drink potions when taking damage.


Message History

Confirm with . or Enter, or press ? or * to list all spells.
You erupt in a fountain of uncontrolled magic!
Saint Roka is blasted with magical radiation!!
Saint Roka is severely wounded.
Saint Roka twists and deforms.
You are lightly contaminated with residual magic.
The wall freezes Saint Roka.
Saint Roka invokes the aid of Beogh against you.
Beogh smites you!
* * * LOW HITPOINT WARNING * * *
The wall freezes Saint Roka.
Saint Roka mumbles some strange prayers to Beogh against you.
Beogh smites you!
* * * LOW HITPOINT WARNING * * *
Unknown command.
Casting: Irradiate (dangerous; 1% risk of failure)
Confirm with . or Enter, or press ? or * to list all spells.
You erupt in a fountain of uncontrolled magic!
Saint Roka is blasted with magical radiation!!
Saint Roka is almost dead.
Saint Roka twists and deforms.
You are contaminated with residual magic.
The wall freezes Saint Roka!
Saint Roka mumbles some strange prayers to Beogh against you.
Beogh smites you!
* * * LOW HITPOINT WARNING * * *
The wall freezes Saint Roka but does no damage.
Saint Roka closely misses you.
Unknown command.
Casting: Irradiate (dangerous; 1% risk of failure)
Confirm with . or Enter, or press ? or * to list all spells.
Aiming: Freeze (safe; 1% risk of failure)
Press: ? - help, Shift-Dir - straight line, f - Saint Roka
Aim: Saint Roka, wielding a +1 long sword of electrocution and wearing a +3 chain mail of fire resistance (almost dead, poisoned, misshapen and mutated)
You freeze Saint Roka!
Saint Roka is almost dead.
The wall freezes Saint Roka.
Saint Roka invokes the aid of Beogh against you.
Beogh smites you!
You die...

.#.# #............### ##.........
.### ##)).........## ##..........
...# #.............# #...........
..#####............# #...........
.............#.....###.>....#....
.........######............###...
....<...#..##....)..........# #..
........########o#.........## ..
........# #@##o....#### .
#.....##.# ###.o.....# ##..... ##
#.#...<### ...##.# #####).# ...#
## ##.##[[## .## #..o.[).#
#...§..§## #......### ###...§.


You could see Saint Roka (poisoned, misshapen).

Vanquished Creatures
  A dire elephant (Lair:1)
  An ettin (Orc:1)
  3 hydras
  3 boulder beetles
  Erica (D:8)
  A merfolk avatar (Lair:5)
  Urug (Lair:5)
  An orc high priest (Orc:2)
  Nergalle (Orc:1)
  A harpy (Lair:5)
  A lindwurm (Lair:4)
  An orc knight (Orc:1)
  An orc sorcerer (Orc:1)
  14 elephants
  6 black mambas
  A gargoyle (D:10)
  9 cane toads
  5 rime drakes
  2 kobold demonologists (D:10)
  10 komodo dragons
  2 trolls
  A hornet (Lair:5)
  4 polar bears
  8 blink frogs
  7 dream sheep (Lair:3)
  2 snapping turtles (Lair:5)
  24 yaks
  A basilisk (Lair:1)
  8 wyverns
  A steam dragon (D:9)
  4 wargs
  3 swamp worms (Lair:3)
  4 nagas (Lair:3)
  An acid dragon (D:7)
  10 water moccasins
  Duvessa (D:7)
  An ice beast (D:5)
  10 orc warriors
  3 black bears
  16 wolves
  2 centaurs
  6 ogres
  3 phantoms
  2 kobold brigands (D:10)
  17 bullfrogs
  A scorpion (D:3)
  4 water moccasin zombies (Ossuary)
  Dowan (D:7)
  15 wights
  A howler monkey (D:9)
  A hound (D:6)
  2 jellies
  2 gnoll boudas (D:9)
  14 orc priests
  4 iguanas
  7 orc wizards
  2 mummies (Ossuary)
  Robin (D:2)
  9 gnolls
  9 adders
  A shadow imp (D:8)
  3 white imps
  An ufetubus (D:4)
  2 adder zombies (Ossuary)
  3 worms
  A dart slug (D:4)
  32 orcs
  3 bats (D:2)
  7 endoplasms
  2 giant cockroaches
  3 gnoll zombies (Ossuary)
  13 goblins
  6 hobgoblins
  4 jackals
  7 kobolds
  3 quokkas
  6 ball pythons
  2 frilled lizards
  2 hobgoblin zombies (Ossuary)
  5 kobold zombies (Ossuary)
  4 orc zombies (Ossuary)
  4 rats
392 creatures vanquished.

Notes
Turn   | Place    | Note
-------+----------+-------------------------------------------
     0 | D:1      | safid the Merfolk Ice Elementalist began the quest for the
                  | Orb.
     0 | D:1      | Reached XP level 1. HP: 13/13 MP: 3/3
   433 | D:1      | Reached XP level 2. HP: 20/20 MP: 3/5
   681 | D:1      | Reached skill level 1 in Fighting
   953 | D:2      | Reached XP level 3. HP: 26/26 MP: 6/6
   957 | D:2      | Learned a level 3 spell: Frozen Ramparts
  1152 | D:2      | You fall into a shaft and drop 1 floor!
  1361 | D:2      | Noticed Robin
  1380 | D:2      | Killed Robin
  1381 | D:2      | Reached skill level 5 in Ice Magic
  1381 | D:2      | Reached XP level 4. HP: 13/33 MP: 0/8
  1701 | D:3      | Learned a level 3 spell: Ozocubu's Armour
  1760 | D:3      | Noticed a scorpion
  1771 | D:3      | Killed a scorpion
  1772 | D:3      | Reached XP level 5. HP: 37/39 MP: 2/9
  2218 | D:3      | Found a faded altar of an unknown god.
  2335 | D:3      | Reached XP level 6. HP: 32/47 MP: 7/11
  3343 | D:4      | Found Jaaverph's Antique Armour Shoppe.
  3594 | D:4      | Found a runed translucent gate.
  3594 | D:4      | Found a runed translucent gate.
  3594 | D:4      | Found a runed translucent gate.
  3594 | D:4      | Noticed leafyfresh's ghost (weakling GnDe)
  3595 | D:4      | Noticed boopmooplesden's ghost (amateur KoBe)
  3741 | D:5      | Entered Level 5 of the Dungeon
  3749 | D:5      | Reached XP level 7. HP: 54/54 MP: 6/13
  3782 | D:5      | Found a staircase to the Ecumenical Temple.
  3794 | Temple   | Entered the Ecumenical Temple
  3799 | Temple   | Became a worshipper of Vehumet
  3898 | D:5      | Found a sand-covered staircase.
  3907 | Ossuary  | Entered an ossuary
  4148 | Ossuary  | Reached skill level 5 in Fighting
  4312 | Ossuary  | Reached skill level 5 in Spellcasting
  4312 | Ossuary  | Reached XP level 8. HP: 51/63 MP: 15/15
  4326 | Ossuary  | Learned a level 5 spell: Irradiate
  4442 | Ossuary  | Reached * piety under Vehumet
  4442 | Ossuary  | Offered knowledge of Kiss of Death by Vehumet.
  4659 | D:5      | Reached skill level 1 in Transmutations
  4881 | D:5      | Found a white marble altar of Elyvilon.
  4881 | D:5      | Found a broken altar of Ashenzari.
  4881 | D:5      | Found a basalt altar of Yredelemnul.
  4887 | D:5      | Found a shadowy altar of Dithmenos.
  4888 | D:5      | Found an iron altar of Okawaru.
  4894 | D:5      | Reached skill level 1 in Conjurations
  4933 | D:5      | Found a hide-covered altar of Uskayaw.
  4933 | D:5      | Found a snail-covered altar of Cheibriados.
  4934 | D:5      | Found a sparkling altar of Nemelex Xobeh.
  4936 | D:5      | Found a shimmering altar of Xom.
  4940 | D:5      | Found a stormy altar of Qazlal.
  4941 | D:5      | Found a burning altar of Makhleb.
  5779 | D:6      | Reached XP level 9. HP: 65/69 MP: 17/17
  6755 | D:7      | Noticed Duvessa
  6755 | D:7      | Noticed Dowan
  7394 | D:7      | Killed Duvessa
  7398 | D:7      | Killed Dowan
  7794 | D:7      | Reached skill level 5 in Transmutations
  8504 | D:8      | Noticed Erica
  8684 | D:8      | Killed Erica
  8685 | D:8      | Reached XP level 10. HP: 57/80 MP: 9/20
  9173 | D:9      | Found the +5 woodcutter's axe
  9362 | D:9      | Reached ** piety under Vehumet
  9363 | D:9      | Offered knowledge of Magic Dart by Vehumet.
  9519 | D:9      | Learned a level 7 spell: Dragon Form
  9522 | D:9      | Learned a level 2 spell: Blink
  9797 | D:9      | Found a staircase to the Orcish Mines.
 10085 | D:10     | Entered Level 10 of the Dungeon
 10120 | D:10     | Noticed a kobold demonologist
 10300 | D:10     | Reached skill level 1 in Translocations
 10500 | D:10     | Found a staircase to the Lair.
 10656 | D:10     | Noticed a kobold demonologist
 10658 | D:10     | Noticed a rust devil
 10659 | D:10     | Noticed a rust devil
 10662 | D:10     | Killed a kobold demonologist
 10666 | D:10     | Noticed a rust devil
 10670 | D:10     | Killed a kobold demonologist
 10671 | D:10     | Reached skill level 5 in Dodging
 10943 | D:10     | Noticed a gargoyle
 10953 | D:10     | Killed a gargoyle
 10954 | D:10     | Reached XP level 11. HP: 61/87 MP: 19/22
 11351 | Lair:1   | Entered Level 1 of the Lair of Beasts
 11479 | Lair:1   | Offered knowledge of Searing Ray by Vehumet.
 11480 | Lair:1   | Reached skill level 10 in Ice Magic
 11966 | Lair:1   | Noticed a dire elephant
 12022 | Lair:1   | Killed a dire elephant
 12338 | Lair:1   | Reached *** piety under Vehumet
 13005 | Lair:2   | Noticed a boulder beetle
 13045 | Lair:2   | Killed a boulder beetle
 13046 | Lair:2   | Reached XP level 12. HP: 51/97 MP: 3/24
 13086 | Lair:2   | Noticed a boulder beetle
 13204 | Lair:2   | Killed a boulder beetle
 13320 | Lair:2   | Noticed an eight-headed hydra
 13327 | Lair:2   | Killed an eight-headed hydra
 13346 | Lair:2   | Reached skill level 10 in Fighting
 13417 | Lair:2   | Noticed Harold
 13447 | Lair:2   | Offered knowledge of Olgreb's Toxic Radiance by Vehumet.
 13658 | Lair:2   | Reached skill level 10 in Transmutations
 13692 | Lair:2   | Identified the +5 glaive of Solemn Exoneration {heavy,
                  | rPois Int+4 Stlth+}
 14502 | Lair:3   | Noticed a five-headed hydra
 14512 | Lair:3   | Killed a five-headed hydra
 15042 | Lair:3   | Found a staircase to the Snake Pit.
 15406 | Lair:3   | Reached XP level 13. HP: 106/106 MP: 26/26
 15406 | Lair:3   | Reached **** piety under Vehumet
 15528 | Lair:3   | Offered knowledge of Iskenderun's Battlesphere by Vehumet.
 15590 | Lair:3   | Found a runed translucent gate.
 15591 | Lair:3   | Found a runed translucent gate.
 15623 | Lair:3   | Found a runed translucent gate.
 15624 | Lair:3   | Noticed Babbit's ghost (journeyman MiFi)
 15719 | Lair:3   | Found a staircase to the Swamp.
 15955 | Lair:3   | Found a viscous altar of Jiyva.
 16430 | Lair:4   | Reached skill level 10 in Spellcasting
 17395 | Lair:5   | Entered Level 5 of the Lair of Beasts
 18030 | Lair:5   | Found a staircase to the Slime Pits.
 18130 | Lair:5   | Noticed Urug
 18135 | Lair:5   | Reached ***** piety under Vehumet
 18136 | Lair:5   | Offered knowledge of Eringya's Noxious Bog by Vehumet.
 18156 | Lair:5   | Killed Urug
 18544 | Lair:5   | Found the +8 trident of the Octopus King {venom, rElec
                  | rPois}
 19207 | Orc:1    | Entered Level 1 of the Orcish Mines
 19273 | Orc:1    | Noticed an ettin
 19281 | Orc:1    | Killed an ettin
 19282 | Orc:1    | Reached XP level 14. HP: 99/115 MP: 23/28
 19418 | Orc:1    | Found Unol's Distillery.
 19424 | Orc:1    | Bought a potion of degeneration for 15 gold pieces
 19502 | Orc:2    | Entered Level 2 of the Orcish Mines
 19611 | Orc:2    | Found a staircase to the Elven Halls.
 19725 | Orc:2    | Noticed Saint Roka
 19743 | Orc:1    | Noticed Nergalle
 19750 | Orc:1    | Gained mutation: You occasionally lose the ability to drink
                  | potions when taking damage. [mutagenic glow]
 19755 | Orc:1    | Killed Nergalle
 19793 | Orc:1    | Gained mutation: Your magical capacity is low. (-10% MP)
                  | [mutagenic glow]
 20137 | Orc:2    | HP: 5/115 [Saint Roka/divine providence (12)]
 20139 | Orc:2    | Killed from afar by Saint Roka

Illustrated notes

Levels and vault maps discovered:
D:1:      wander_arrival_chamber, layout_loops_ring
D:2:      layout_loops_ring, nrook_mini_backslash,
          nicolae_elevator_lobby_asterisk, uniq_robin
D:3:      minmay_chambers_of_twos, layout_loops_corners,
          ebering_ecumenical_altar_box, grunt_ministairs_6,
          chequers_decorated_corner, supply_closet_lemuel
D:4:      layout_cave_pools, gammafunk_ghost_cemetery, serial_shops, shop
D:5:      layout_loops_ring, nicolae_overflow_hallway_of_the_gods,
          minmay_temple_entry_ruins, enter_ossuary_3
D:6:      layout_basic
D:7:      layout_basic, grunt_decor_fettered, uniq_duvessa
D:8:      layout_loops_ring, minmay_misc_feat_hallway,
          hangedman_abyss_or_decor_stabs, nicolae_wwwww, uniq_erica
D:9:      layout_basic, orc_0_dummy
D:10:     layout_long_grid, lair_entry_dummy
Temple:   nicolae_temple_ecumenical_triangle
Lair:1:   layout_regular_city, st_stairs_10, nicolae_lair_grazing_beasts
          [nicolae_sub_lair_graze_edge, nicolae_sub_lair_graze_edge,
          nicolae_sub_lair_graze_edge, nicolae_sub_lair_graze_edge]
Lair:2:   layout_misc_corridors, uniq_harold
Lair:3:   layout_misc_corridors, minmay_swamp_entry_worms,
          minmay_snake_entry_guardpost_small, gammafunk_ghost_ooze,
          cheibrodos_lair_lostbears
Lair:4:   layout_small_grid
Lair:5:   gammafunk_lair_ancient_temple, layout_cellular_growth, slime_entry_1,
          small_statue_intersection, uniq_urug
Orc:1:    layout_diamond_mine, serial_shops, shop, basic_altar,
          nicolae_orc_tapped_out, uniq_nergalle
Orc:2:    grunt_orc_cross, layout_diamond_mine, gammafunk_ghost_necromancy

Skill      XL: |  1  2  3  4  5  6  7  8  9 10 11 12 13 |
---------------+----------------------------------------+-----
Fighting       | 1 2 3 4 5 6 7 8 9 11 12 | 12.0
Ice Magic      | 5 6 7 9 10 11 13 | 13.5
Spellcasting   | 3 4 5 6 7 8 9 10 | 10.8
Transmutations | 3 6 7 9 11 13 | 13.6
Conjurations   | 2 3 4 |  4.0
Dodging        | 5 7 8 9 |  9.9
Translocations | 2 3 4 |  4.0
Stealth        | |  2.1

Action                     |  1- 3 |  4- 6 |  7- 9 | 10-12 | 13-15 || total
---------------------------+-------+-------+-------+-------+-------++-------
  Melee: Whip              |    25 |       |       |       |       ||    25
         Dagger            |       |     7 |       |       |       ||     7
         War axe           |       |    57 |   247 |    17 |       ||   321
         Punch             |       |     2 |     3 |       |       ||     5
         Battleaxe         |       |       |       |   245 |   158 ||   403
         Trident           |       |       |       |       |    89 ||    89
         Tailslap          |       |       |       |       |     3 ||     3
   Cast: Freeze            |    22 |    26 |    19 |    37 |    23 ||   127
         Frozen Ramparts   |     2 |    10 |    31 |    58 |    45 ||   146
         Ozocubu's Armour  |       |     6 |    31 |    51 |    39 ||   127
         Irradiate         |       |       |       |    20 |    17 ||    37
    Use: Scroll            |       |       |     8 |     4 |     6 ||    18
         Potion            |       |       |       |     2 |     1 ||     3
   Stab: Sleeping          |       |     2 |       |     1 |     2 ||     5
 Armour: Robe              |     9 |    26 |    94 |   153 |   121 ||   403
  Dodge: Dodged            |    35 |    67 |   193 |   326 |   324 ||   945
